 Dungeon Crawl Stone Soup version 0.16-a0-3843-ged98c6c (webtiles) character file.

1428 timbw the Cleaver (level 8, -5/39 HPs)
             Began as a Vine Stalker Gladiator on Jan 30, 2015.
             Slain by an orc warrior
             ... wielding a +0 halberd
              (11 damage)
             ... on level 7 of the Dungeon.
             The game lasted 00:09:53 (1752 turns).

timbw the Cleaver (Vine Stalker Gladiator)          Turns: 1752, Time: 00:09:54

Health: -5/39      AC: 12    Str: 18    XL:     8   Next: 72%
Magic:  0/11       EV:  8    Int:  8    God:
Gold:   114        SH:  0    Dex: 17    Spells: 0 memorised, 7 levels left

rFire  . . .     SeeInvis .     a - +0 war axe
rCold  . . .     Clarity  .     v - +0 plate armour
rNeg   . . .     SustAb   .     (no shield)
rPois  +         Gourm    .     c - +0 helmet
rElec  .         Spirit   +     i - +0 cloak {MR+}
rCorr  .         Warding  .     (no gloves)
rMut   .         Stasis   .     (no boots)
MR     ++...                    (no amulet)
Stlth  ..........               r - +2 ring of evasion
                                n - ring of poison resistance

@: about to teleport, very resistant to hostile enchantments, extremely
unstealthy
A: fangs 3, regeneration 2, magic shield, antimagic bite, no device heal 3, rot
immunity
a: no special abilities


You were on level 7 of the Dungeon.
You were not hungry.

You visited 1 branch of the dungeon, and saw 7 of its levels.

You collected 114 gold pieces.

Inventory:

Hand weapons
 a - a +0 war axe (weapon)
 k - a +0 blowgun
 B - a +4 club
Missiles
 l - 2 poisoned needles
Armour
 b - a +0 leather armour
 c - a +0 helmet (worn)
 e - a +0 scale mail
 i - a +0 cloak of magic resistance (worn)
 o - a +0 large shield
 v - a +0 plate armour (worn)
Jewellery
 m - a cursed ring of teleportation
 n - a ring of poison resistance (left hand)
 r - a +2 ring of evasion (right hand)
Magical devices
 h - a wand of confusion (16)
 w - a wand of random effects (19)
 x - a wand of fire (2)
Scrolls
 q - 2 scrolls of identify
Potions
 g - 2 potions of mutation
 j - 2 potions of brilliance
 t - 2 potions of degeneration {unknown}
 u - a potion of curing {unknown}
 A - a potion of restore abilities {unknown}
Books
 p - a Fen Folio

   Spells                             Type                      Level
   a - Corpse Rot                     Necromancy                   2
   b - Stone Arrow                    Conjuration/Earth            3
   c - Leda's Liquefaction            Hexes/Earth                  4
   d - Summon Forest                  Summoning/Translocation      5
   e - Hydra Form                     Transmutation                6
   f - Summon Hydra                   Summoning                    7
Comestibles
 d - 2 meat rations
 f - 6 bread rations
 s - a slice of pizza
 z - a beef jerky


   Skills:
 + Level 2.1 Fighting
 * Level 9.7 Axes
 - Level 1.7 Throwing
 + Level 1.2 Armour
 + Level 2.6 Dodging


You had 7 spell levels left.
You didn't know any spells.

Dungeon Overview and Level Annotations

Branches:
Dungeon (7/15)
 Temple: D:4-7

Altars:
Gozag
Qazlal

Shops:
D:7 %

Annotations:
D:7 Prince Ribbit


Innate Abilities, Weirdness & Mutations

You have razor-sharp teeth.
You heal very quickly.
When hurt, damage is shared between your health and your magic reserves.
Your bite disrupts and absorbs the magic of your enemies.
Potions and wands cannot restore your health.
You are immune to rotting.


Message History

The orc warrior hits you with a halberd!
The orc warrior hits you from afar with a halberd!
* * * LOW HITPOINT WARNING * * *
An orc wizard comes into view. It is wielding a dagger.
The orc wizard shouts!
The orc wizard gestures wildly while chanting.
The orc wizard blinks!
The orc wizard casts a spell.
The orc wizard blinks!
Prince Ribbit croaks.
Read which item? (? for menu, Esc to quit)
As you read the scroll labeled THYBBU RIUL, it crumbles to dust.
You feel strangely unstable.
It was a scroll of teleportation.
The orc warrior completely misses you.
You slash Prince Ribbit! Your bite misses Prince Ribbit.
Prince Ribbit is moderately wounded.
Prince Ribbit hits you!
* * * LOW HITPOINT WARNING * * *
The orc warrior hits you from afar with a halberd!
You die...

### . .... #..# . ... #..#
#.####.################# #..#
..!............F@.o.....# ##..##
##............#####.##### .....
..............#.........# .....
##............#.###.###.#####..o.
.......<......#.#.....#.#.o......
##......§.....#†#.....#.#.###.###
#....F............_......# #.##.
#............#.#.....#.#####.###
..............#.#.....#.#.....o.o


You could see Prince Ribbit and an orc warrior.

Vanquished Creatures
  A spriggan (D:7)
  Menkaure (D:4)
  An orc warrior (D:6)
  4 centaurs
  A giant frog (D:6)
  2 scorpions
  A water moccasin skeleton (D:6)
  2 orc priests (D:3)
  3 hounds
  A jelly (D:6)
  Crazy Yiuf (D:2)
  3 orc wizards
  3 worker ants
  Ijyb (D:7)
  A worker ant zombie (D:6)
  4 adders
  A giant mite (D:2)
  An adder skeleton (D:4)
  20 orcs
  A bat (D:1)
  A giant cockroach (D:3)
  2 goblins (D:2)
  3 hobgoblins
  4 jackals (D:2)
  A giant gecko skeleton (D:4)
  4 giant newts
  A giant spore (D:7)
  A jackal zombie (D:5)
  5 kobolds
  5 rats
  A ballistomycete (D:7)
81 creatures vanquished.

Notes
Turn   | Place    | Note
--------------------------------------------------------------
     0 | D:1      | timbw, the Vine Stalker Gladiator, began the quest for the Orb.
     0 | D:1      | Reached XP level 1. HP: 11/11 MP: 1/1
    55 | D:2      | Reached skill level 3 in Axes
    72 | D:2      | Reached XP level 2. HP: 13/15 MP: 3/3
   110 | D:2      | Noticed Crazy Yiuf
   121 | D:2      | Killed Crazy Yiuf
   121 | D:2      | Reached XP level 3. HP: 18/18 MP: 4/4
   167 | D:2      | Reached skill level 4 in Axes
   203 | D:2      | Reached XP level 4. HP: 17/23 MP: 5/5
   414 | D:4      | Reached skill level 5 in Axes
   414 | D:4      | Reached XP level 5. HP: 7/26 MP: 2/7
   532 | D:4      | Reached skill level 6 in Axes
   532 | D:4      | Gained mutation: You heal very quickly. [vine stalker growth]
   532 | D:4      | Reached XP level 6. HP: 28/30 MP: 6/8
   572 | D:4      | Found an opulent altar of Gozag.
   594 | D:4      | Noticed Menkaure
   616 | D:4      | Killed Menkaure
   641 | D:4      | Reached skill level 7 in Axes
   641 | D:4      | Reached XP level 7. HP: 21/34 MP: 9/9
   701 | D:5      | Entered Level 5 of the Dungeon
  1074 | D:7      | Found a stormy altar of Qazlal.
  1117 | D:7      | Noticed Prince Ribbit
  1159 | D:6      | Reached skill level 8 in Axes
  1270 | D:6      | Gained mutation: You have razor-sharp teeth. [vine stalker growth]
  1270 | D:6      | Reached XP level 8. HP: 29/38 MP: 9/11
  1297 | D:6      | Reached skill level 9 in Axes
  1528 | D:7      | Found Wotagea's Food Boutique.
  1627 | D:7      | Noticed a spriggan baker
  1644 | D:7      | Killed a spriggan baker
  1644 | D:7      | Reached skill level 1 in Armour
  1699 | D:7      | Noticed Ijyb
  1716 | D:7      | Killed Ijyb
  1752 | D:7      | Slain by an orc warrior

Action                   |  1- 3 |  4- 6 |  7- 9 || total
-------------------------+-------+-------+-------++-------
Melee: War axe           |    32 |   108 |   178 ||   318
Throw: Throwing net      |     2 |     1 |       ||     3
  Use: Scroll            |       |     2 |     3 ||     5
 Stab: Sleeping          |     1 |       |       ||     1
  Eat: Chunk             |       |       |     3 ||     3
